[Event "Romanian Rapid Open 2022"]
[Site "Sebes"]
[Date "2022.12.02"]
[Round "3.32"]
[White "Radu, Robert-Daniel"]
[Black "Samu, Sorin-Mihai"]
[Result "0-1"]
[ECO "B07"]
[WhiteElo "1510"]
[BlackElo "1955"]
[Annotator "TA"]
[PlyCount "60"]
[EventDate "2022.12.02"]
[EventType "rapid"]
[EventCountry "ROU"]
[SourceTitle "playchess.com"]
[Source "ChessBase"]
[SourceQuality "1"]
[TimeControl "600+5"]

1. e4 d6 2. d4 Nf6 3. Bd3 c5 4. c3 cxd4 5. cxd4 Nc6 6. Nf3 e5 {[%emt 0:00:01] B07: Pirc Defence: Miscellaneous Systems.} 7. d5 Nb8 8. O-O Be7 {[%emt 0:00:01] [#] White is better.} 9. Bg5 $146 ({Predecessor:} 9. Nc3 O-O 10. h3 Nbd7 11. Be3 Nb6 12. Rc1 Bd7 13. Qb3 Rc8 14. a4 Rb8 15. Rc2 {½-½ (38) Gross,K (2037)-Schmerwitz,R (1838) Goch 2015}) 9... O-O 10. h3 {[%emt 0:00:07] [#]} (10. Be3 $14) 10... Nxd5 $1 $15 11. Bxe7 (11. Bd2 Nb6) 11... Nxe7 12. Nc3 Nbc6 13. a3 a6 14. Rc1 h6 15. b4 Be6 16. Nd5 (16. Bc2 $17) 16... f5 ({Black should try} 16... Nxd5 $19 17. exd5 Bxd5 18. Bh7+ Kxh7 19. Qxd5 f5) 17. Nxe7+ Qxe7 18. exf5 Bxf5 19. Bxf5 Rxf5 20. Qd5+ Kh8 (20... Qf7 {looks sharper.} 21. Rfd1 Rd8 22. b5 axb5 23. Rb1 Qxd5 24. Rxd5 b4) 21. Rcd1 Rd8 22. Rfe1 Qf7 23. Qxf7 Rxf7 24. Nxe5 $2 {[%emt 0:00:08] [#] Now White is beyond hope.} dxe5 $19 25. Rxd8+ Nxd8 26. Rxe5 $17 {[%emt 0:00:01] KRN-KR} Nc6 27. Rd5 Re7 28. b5 (28. f4 {was necessary.}) 28... axb5 29. Rxb5 Nd4 30. Rd5 Nc2 {[%emt 0:00:05] Weighted Error Value: White=0.41/Black=0.34} 0-1

[Event "Romanian Rapid Open 2022"]
[Site "Sebes"]
[Date "2022.12.02"]
[Round "3.33"]
[White "Ghita, Vlad-Bogdan"]
[Black "Santimbrean, Mihnea-Nicolae"]
[Result "1-0"]
[ECO "C06"]
[WhiteElo "1938"]
[BlackElo "1491"]
[Annotator "TA"]
[PlyCount "60"]
[EventDate "2022.12.02"]
[EventType "rapid"]
[EventCountry "ROU"]
[SourceTitle "playchess.com"]
[Source "ChessBase"]
[SourceQuality "1"]
[TimeControl "600+5"]

1. e4 e6 2. d4 d5 3. Nd2 Nf6 4. e5 Nfd7 5. Bd3 c5 6. c3 Qb6 7. Ngf3 Nc6 8. O-O cxd4 9. cxd4 Nxd4 10. Nxd4 Qxd4 11. Nf3 Qb6 12. Qa4 Qb4 13. Qc2 h6 (13... Nc5 $11) 14. a3 {[%emt 0:00:08] C06: French Tarrasch: 3...Nf6 4 e5 Nfd7 5 Bd3 main lines.} Qb6 {[%emt 0:00:14] [#]} 15. Qa4 $1 Be7 16. Be3 {[%emt 0:00:23] White is better.} Bc5 {[%emt 0:00:50] [#]} 17. Bxc5 $146 {[%emt 0:00:09] White is much more active.} (17. Bd2 $1 $14) ({Predecessor:} 17. Bd2 O-O 18. Qg4 f5 19. Qg3 Kh8 20. Qg6 Be7 21. Bxh6 gxh6 22. Qxh6+ Kg8 23. Qg6+ Kh8 24. Rae1 Qd8 25. Re3 Nc5 26. Rc1 Bd7 27. Rxc5 b6 28. Ng5 Bxg5 29. Rh3+ Bh4 30. Rc7 {1-0 (28) Farmer,M (1807)-Ferreira,L (1828) ICCF email 2017}) 17... Qxc5 $11 18. Rfc1 Qb6 19. Rc2 O-O 20. Rac1 f6 21. exf6 ({Reject} 21. Rxc8 Rfxc8 22. Rxc8+ Rxc8 $17) 21... Nxf6 22. Ne5 Qd6 23. f4 {[%emt 0:00:46][%mdl 1024] White has compensation.} Bd7 24. Qd4 a6 25. Re2 Rac8 26. Rce1 Rfe8 (26... Bb5 $15) 27. b4 ({Better is} 27. g4 $11 Bb5 28. Bxb5 axb5 29. g5 hxg5 30. fxg5) 27... b5 $2 {[%emt 0:00:07][%mdl 8192] [#]} (27... Bb5 $15 {stays ahead.}) 28. Bb1 $2 (28. g4 $1 $18 ) 28... Bc6 29. Qd3 ({Much worse is} 29. Qa7 $6 Bb7 $11) (29. g4 $16 {Black must now prevent g5.} Qe7 30. Bg6) 29... Ne4 {[%emt 0:00:04][%mdl 8192] [#]} (29... Bb7 $11) 30. Rxe4 $1 $18 {[%emt 0:00:03][%mdl 576] Pin} d4 {[%emt 0:00:17] Weighted Error Value: White=0.39/Black=0.50} (30... Qf8 31. Rc4) 1-0

[Event "Romanian Rapid Open 2022"]
[Site "Sebes"]
[Date "2022.12.02"]
[Round "3.34"]
[White "Roncea, Ioan-Aurel"]
[Black "Matasaru, Stephanie"]
[Result "0-1"]
[ECO "D23"]
[WhiteElo "1461"]
[BlackElo "1975"]
[Annotator "TA"]
[PlyCount "96"]
[EventDate "2022.12.02"]
[EventType "rapid"]
[EventCountry "ROU"]
[SourceTitle "playchess.com"]
[Source "ChessBase"]
[SourceQuality "1"]
[TimeControl "600+5"]

1. d4 d5 2. Nf3 Nf6 3. c4 dxc4 4. Qa4+ Bd7 5. Qxc4 e6 6. Nc3 {[%emt 0:00:09] D23: Queen's Gambit Accepted: 3 Nf3 Nf6 sidelines.} a6 7. Bg5 Be7 {[%emt 0:00:16] [#]} 8. Bxf6 $146 {[%emt 0:00:04] White is slightly better.} ({Predecessor:} 8. e4 h6 9. Bxf6 Bxf6 10. e5 Be7 11. Bd3 O-O 12. Bc2 Nc6 13. Qd3 g6 14. a3 {1-0 (23) Dalen,M-Jatkowski,S ICCF email 2018}) 8... Bxf6 9. e3 O-O 10. Qb3 b5 ({Black should try} 10... c5 $11) 11. Be2 (11. Qc2 $14) 11... Be7 12. O-O c5 13. dxc5 Bxc5 14. Rac1 Bb6 (14... Be7 $11) 15. Rfd1 Qe7 16. Ne5 {[%emt 0:00:00] Prevents Nc6.} f6 ({Better is} 16... Be8 $14) 17. Nxd7 $16 Nxd7 18. Ne4 {[%emt 0:00:00] Hoping for Rc6.} f5 {[%emt 0:00:26] [#]} 19. Ng3 (19. Ng5 $1 $16 Rae8 20. Qd3) 19... Nc5 $11 20. Qc2 Rad8 (20... f4 $11 21. exf4 Rxf4) 21. h3 (21. b4 $14 Na4 22. Qc6) 21... Rxd1+ 22. Rxd1 Bc7 23. Nf1 Be5 24. b4 (24. Rc1 $14 Nd7 25. a4) 24... Na4 25. a3 Nc3 26. Rd3 Nxe2+ 27. Qxe2 Rc8 28. f4 Bf6 29. Qd1 Rd8 30. Rxd8+ Qxd8 31. Qxd8+ (31. Qc2 $11) 31... Bxd8 {[%emt 0:00:02][%mdl 4096] Endgame KB-KN} 32. Nd2 Bf6 {[%emt 0:00:03] White must now prevent ...Bb2.} 33. Nb1 $2 (33. Nb3 $1 $11 {and White stays safe.}) 33... Kf7 $19 34. g4 $2 (34. Kf1 $17 {might work better.}) 34... fxg4 35. hxg4 h6 36. Kf2 Ke7 37. Kf3 (37. Ke2 {was worth a try.}) 37... Kd6 {[%emt 0:00:03] Threatens to win with ...Bb2.} 38. e4 $2 {[%emt 0:00:05] This move loses the game for White.} (38. Ke2 $17) 38... Bb2 39. f5 $2 (39. Ke3 Bc1+ 40. Kf3) 39... exf5 40. exf5 Kd5 41. Kf4 Bc1+ (41... Kd4 $142 42. Nd2 Bc1 43. Kf3 Bxd2 44. Ke2 Be3 45. Kf3 Bc1 46. g5 hxg5 47. Kg4 Bxa3 48. Kg3 Bxb4 49. Kg4 a5 50. Kh5 a4 51. Kg6 Ke4 52. Kf7 a3 53. f6 gxf6 54. Ke8 a2 55. Kd7 a1=Q 56. Kc6 Qa6+ 57. Kc7 Kf5 58. Kd7 Qb7+ 59. Kd8 g4 60. Ke8 Qe7#) 42. Kf3 Kc4 43. Ke2 Kb3 {[%emt 0:00:02][%cal Ob3c2] [#] ( -> ...Kc2!)} 44. Nd2+ Bxd2 {[%emt 0:00:20] Black mates.} 45. Kxd2 Kxa3 46. Kc3 Ka4 47. Kc2 Kxb4 48. Kb2 a5 {[%emt 0:00:02] Weighted Error Value: White=0.72/Black=0.33} 0-1

[Event "Romanian Rapid Open 2022"]
[Site "Sebes"]
[Date "2022.12.02"]
[Round "3.35"]
[White "Buciuman, Aurel"]
[Black "Nagy-Elek, Tamas"]
[Result "0-1"]
[ECO "B12"]
[WhiteElo "1369"]
[BlackElo "1976"]
[Annotator "TA"]
[PlyCount "102"]
[EventDate "2022.12.02"]
[EventType "rapid"]
[EventCountry "ROU"]
[SourceTitle "playchess.com"]
[Source "ChessBase"]
[SourceQuality "1"]
[TimeControl "600+5"]

1. e4 c6 2. d4 d5 3. e5 Bf5 4. Bd3 Bxd3 5. Qxd3 e6 6. f4 Ne7 7. g4 {[%emt 0:00:35] B12: Caro-Kann: Advance Variation.} (7. Nc3 $11) 7... h5 8. g5 g6 9. Nf3 {[%emt 0:00:33] Black has an edge.} Nf5 {[%emt 0:00:06] [#]} 10. c3 $146 ({Predecessor:} 10. b3 Nd7 11. c4 dxc4 12. bxc4 Bb4+ 13. Ke2 Nb6 14. Rd1 Rb8 15. Ba3 Qe7 16. Bxb4 Qxb4 {1-0 (50) Hernandez Garcia,C (1727)-Marivela Santos,J (1714) Madrid 2018}) 10... c5 11. dxc5 Bxc5 12. Qb5+ Nd7 13. b4 Qb6 (13... a6 $17 14. Qd3 Ba7) 14. Qxb6 Bxb6 15. a4 {[%emt 0:00:12] [#]} a5 $1 {[%emt 0:00:49] Black is more active.} 16. b5 {[%emt 0:00:53] This move loses the game for White.} (16. Ke2 $17) 16... O-O 17. Ke2 Rfc8 18. Bd2 (18. Nfd2 $142) 18... Rc7 19. Na3 Nc5 20. Nc2 Nb3 (20... Ne4 $142 21. Rhc1 Rac8) 21. Ra3 $19 Nxd2 22. Kxd2 (22. Nxd2 {was the only chance.} Rac8 23. Kd3) 22... Rc4 23. Nfd4 Nxd4 24. cxd4 Bxd4 25. Nxd4 Rxd4+ {[%emt 0:00:02][%mdl 4096] Endgame KRR-KRR} 26. Ke3 Re4+ 27. Kf3 Rc4 {[%emt 0:00:03] Against Rc1} 28. Re1 b6 29. Ree3 Rac8 30. Kg3 d4 31. Red3 Rb4 32. Kf3 Rcc4 33. Ke4 Kf8 ({Not} 33... Rxa4 34. Rxa4 Rxa4 35. Rxd4 $17) 34. h3 Ke7 ({Weaker is} 34... Rxa4 35. Rxa4 Rxa4 36. Rxd4 $19) 35. h4 Rxa4 36. Rxa4 Rxa4 37. Rxd4 {[%emt 0:00:05] [#] KR-KR} Ra1 38. Rc4 $2 (38. Rd6 a4 39. Rd4 (39. Rxb6 $2 {perishes.} a3 $19)) 38... Rb1 39. Rc7+ Kf8 40. Rb7 Rxb5 41. Kd3 Rb4 {[%emt 0:00:03] Hoping for ...Kg7.} 42. Ke3 a4 43. Kd3 Rxf4 44. Rxb6 Rxh4 45. Ra6 Rg4 {[%emt 0:00:03] ( -> ...h4)} 46. Ra7 Rxg5 (46... h4 $142 47. Ra8+ Kg7 48. Rc8 h3 49. Rc2 Rg2 50. Rc1 h2 51. Rh1 a3 52. Kc3 Rg3+ 53. Kd2 Rg1 54. Rxh2 a2 55. Kd3 a1=Q 56. Kc4 Qa4+ 57. Kc3 Rg3+ 58. Kb2 Qb3+ 59. Kc1 Rc3+ 60. Kd2 Rc2+ 61. Ke1 Qb1#) 47. Kd4 h4 {[%emt 0:00:04][%cal Bh5h4,Bh4h3,Bh3h2][%mdl 32] Black mates.} 48. Kc5 h3 49. Rxa4 h2 50. Ra1 Rg1 51. Ra8+ Kg7 {[%emt 0:00:01] Weighted Error Value: White=0.88/Black=0.33} 0-1

[Event "Romanian Rapid Open 2022"]
[Site "Sebes"]
[Date "2022.12.02"]
[Round "3.36"]
[White "Tudor, Henry Edward"]
[Black "Tiloiu, Darius-Lucian"]
[Result "1-0"]
[ECO "D13"]
[WhiteElo "1943"]
[BlackElo "1543"]
[Annotator "TA"]
[PlyCount "48"]
[EventDate "2022.12.02"]
[EventType "rapid"]
[EventCountry "ROU"]
[SourceTitle "playchess.com"]
[Source "ChessBase"]
[SourceQuality "1"]
[TimeControl "600+5"]

1. d4 d5 2. c4 c6 3. cxd5 cxd5 4. Nc3 Nf6 5. Bf4 e6 6. e3 Bd6 7. Bg3 Nc6 8. Nf3 Bxg3 9. hxg3 a6 {[%emt 0:00:30] D13: Slav Defence: Exchange variation without ...Bf5.} 10. Rc1 Qd6 11. Bd3 b5 {[%emt 0:01:13] [#]} (11... Bd7 $14) 12. Qe2 $146 {[%emt 0:00:15] White is more active.} (12. Rh4 $16) ({Predecessor:} 12. Qd2 Bb7 13. b3 Rd8 14. Rh4 Nd7 15. Kf1 g6 16. Ne2 Ne7 17. g4 e5 18. dxe5 Nxe5 {1-0 (52) Brown,M (2121)-Ostrovskiy,A (2294) Crossville 2011}) 12... Bb7 $11 13. Nd2 (13. Rh4 {simplifies} h6 14. Kf1 Rc8 15. Rd1) 13... O-O $2 {[%emt 0:01:21] [#] Loses the game.} (13... h5 $11 {and Black has nothing to worry.}) 14. Bxh7+ $1 $18 Nxh7 15. Qh5 {[%emt 0:00:02][%csl Gh1][%cal Rh5h7] Against f5} f6 16. Qxh7+ Kf7 17. Qh5+ ({Much less strong is} 17. Rh6 $6 Ne7 18. Ne2 Rh8 19. Qxh8 Rxh8 20. Rxh8 Bc6 $16) 17... Ke7 18. Qg6 Rf7 19. Nb3 {[%emt 0:00:13] Nc5 is the strong threat.} e5 $2 (19... Rg8 20. Ne2 Kf8) 20. Nc5 {[%emt 0:00:44] White is clearly winning.} exd4 (20... Ra7 $142 21. Rh7 Ba8 22. Rxg7 Rxg7 23. Qxg7+ Ke8 24. Qh8+ Qf8) 21. Nxb7 {[%emt 0:00:07] Pair of Knights!} Qd7 22. Nc5 Qd6 23. exd4 {[%emt 0:00:48] Black must now prevent Kf1.} Nxd4 {[%emt 0:00:05] [#]} 24. Rh5 $1 Re8 {[%emt 0:00:39] Weighted Error Value: White=0.17 (very precise) /Black=0.90} (24... f5 25. Qg5+) 1-0

[Event "Romanian Rapid Open 2022"]
[Site "Sebes"]
[Date "2022.12.02"]
[Round "3.37"]
[White "Butuza, Stefan Aurelian"]
[Black "Bucur, Denisa-Andreea"]
[Result "0-1"]
[ECO "B22"]
[WhiteElo "1529"]
[BlackElo "1953"]
[Annotator "TA"]
[PlyCount "46"]
[EventDate "2022.12.02"]
[EventType "rapid"]
[EventCountry "ROU"]
[SourceTitle "playchess.com"]
[Source "ChessBase"]
[SourceQuality "1"]
[TimeControl "600+5"]

1. e4 c5 2. c3 e6 3. d4 d5 4. exd5 exd5 5. Nf3 Nc6 6. Be3 c4 7. Nbd2 {[%emt 0:00:00] B22: Sicilian: 2 c3.} Bg4 8. Be2 Nf6 {[%emt 0:00:12] [#]} 9. O-O $146 {[%emt 0:00:00] White is slightly better.} ({Predecessor:} 9. Ne5 Bxe2 10. Qxe2 Be7 11. f4 O-O 12. O-O Rc8 13. g4 Re8 14. g5 Nd7 15. Qg4 {½-½ (59) Haack,S (1679)-Metzdorf,M (1879) Playchess.com INT 2020}) 9... Bd6 10. Re1 O-O 11. Qc2 b5 12. Ng5 (12. Nh4 $11) 12... Bxe2 $15 13. Rxe2 Qc7 14. Nf1 h6 15. Nf3 b4 (15... Rfe8 {simplifies} 16. Rae1 b4 17. Bd2 Rxe2 18. Rxe2 a5) 16. Ng3 Ng4 17. Qf5 (17. Nh4 {looks sharper.} Rae8 18. Nhf5 Bxg3 19. hxg3 Qd7 20. f3) 17... Nxe3 18. Rxe3 Ne7 19. Qc2 Ng6 20. cxb4 Bxb4 21. Ne5 (21. Nf5 $142) 21... Nf4 (21... Nxe5 $11 22. Rxe5 Qc6) 22. Rc1 (22. Nf5 $14 {is more appropriate.}) 22... Ne6 ({Black should try} 22... f6 $11 23. Nf3 (23. Ng6 $2 Nxg6 24. Qxg6 Bd2 $17) 23... Rab8) 23. Ne2 (23. Nf5 $14) 23... Qa5 {[%emt 0:00:14][%mdl 32768] Weighted Error Value: White=0.26 (precise) /Black=0.18 (very precise) . Loss on time!?} 0-1

[Event "Romanian Rapid Open 2022"]
[Site "Sebes"]
[Date "2022.12.02"]
[Round "3.38"]
[White "Jiros, Doru"]
[Black "Apostu, Rares-Stefan"]
[Result "1/2-1/2"]
[ECO "D00"]
[WhiteElo "1936"]
[BlackElo "1331"]
[Annotator "TA"]
[PlyCount "74"]
[EventDate "2022.12.02"]
[EventType "rapid"]
[EventCountry "ROU"]
[SourceTitle "playchess.com"]
[Source "ChessBase"]
[SourceQuality "1"]
[TimeControl "600+5"]

1. d4 d5 2. Bg5 c5 3. e3 Nc6 4. c3 Nf6 5. Bxf6 exf6 6. Nd2 {[%emt 0:00:11] D00: 1 d4 d5: Unusual lines.} Bd6 7. Ngf3 O-O 8. Bd3 {[%emt 0:00:05] [#]} Re8 $146 (8... c4 $5 9. Bc2 f5 $15) ({Predecessor:} 8... g6 9. O-O Re8 10. Re1 f5 11. g3 Qf6 12. Bf1 Rd8 13. Rc1 b6 14. Qa4 Ne7 {0-1 (49) Martic,I (2314)-Hansen,E (2606) Chess.com INT 2022}) 9. O-O f5 (9... c4 $11 10. Bc2 f5) 10. dxc5 $14 Bxc5 11. Nb3 Bd6 12. Nbd4 Re4 13. Nxc6 bxc6 14. Bxe4 fxe4 15. Nd4 Qh4 (15... c5 $14 {feels stronger.}) 16. f4 (16. Nxc6 $2 Qxh2#) 16... g5 $2 (16... exf3 $14 17. g3 (17. Nxf3 Qe4 $16) 17... Bxg3 18. Nxf3 Qh3) 17. g3 $18 Qh3 18. Qe2 $2 (18. fxg5 Bxg3 19. Qd2 (19. hxg3 Qxg3+ 20. Kh1 Qh4+ 21. Kg1 Qxg5+ 22. Kh2 Qh4+ 23. Kg1 Qg5+ 24. Kh2 Qh4+ 25. Kg1 Qg5+ $11) 19... Bh4 $16) (18. Nxc6 $18 {has better winning chances.} Be6 19. Qd2) 18... c5 ({Better is} 18... gxf4 19. gxf4 (19. exf4 a5 $16) 19... Bg4) 19. Nc2 (19. Nb5 $142 Ba6 20. Rad1 (20. fxg5 Bxg3 21. a4 Be5 $14) 20... gxf4 21. exf4 (21. Rxd5 f3 $11) 21... Bxb5 22. Qxb5) 19... Bg4 20. Qg2 {[%emt 0:00:02] Qxh3 is the strong threat.} Qh5 21. a3 ({White should play} 21. fxg5 $16 Bh3 22. Qd2 $1) 21... Bh3 22. Qf2 gxf4 23. gxf4 $2 (23. exf4 $15 Bxf1 24. Qxf1) 23... Kh8 $19 {[%emt 0:00:16][%cal Od6e7] Hoping for ...Be7!} 24. Kh1 {[%emt 0:00:18] [#]} Bxf1 (24... Be7 $1 $19 {[%cal Re7h4] And now ...Bh4! would win.} 25. Rg1 Bh4) 25. Rxf1 $15 Rb8 26. b4 a5 27. Rg1 {[%emt 0:00:24] The position is equal.} cxb4 28. Qg2 (28. cxb4 {simplifies} axb4 29. Nxb4 Qf3+ 30. Qxf3 exf3 31. Nxd5 Bxa3 32. Rf1) 28... Qf3 (28... bxa3 $2 29. Qg7#) 29. Qxf3 exf3 30. axb4 axb4 31. cxb4 Bxb4 $11 {[%emt 0:00:13][%mdl 4096] Endgame KRB-KRN} 32. Rb1 Bd6 33. Rxb8+ Bxb8 34. Kg1 Kg7 35. Kf2 Kf6 36. Kxf3 Ba7 37. Nb4 Ke6 {[%emt 0:00:04] Weighted Error Value: White=0.37/Black=0.37} 1/2-1/2

[Event "Romanian Rapid Open 2022"]
[Site "Sebes"]
[Date "2022.12.02"]
[Round "3.39"]
[White "Draga, Laurentiu"]
[Black "Arion, Ilie"]
[Result "0-1"]
[ECO "A57"]
[WhiteElo "1404"]
[BlackElo "1924"]
[Annotator "TA"]
[PlyCount "84"]
[EventDate "2022.12.02"]
[EventType "rapid"]
[EventCountry "ROU"]
[SourceTitle "playchess.com"]
[Source "ChessBase"]
[SourceQuality "1"]
[TimeControl "600+5"]

1. d4 Nf6 2. c4 c5 3. d5 b5 4. e3 b4 5. Bd3 d6 6. Bd2 {[%emt 0:00:02] A57: Benko/Volga Gambit.} g6 {[%emt 0:00:02] [#]} 7. Nf3 $146 ({Predecessor:} 7. a3 bxa3 8. Rxa3 Bg7 9. Ba5 Qd7 10. Nc3 a6 11. Na4 Ra7 12. Nb6 Qb7 13. Rb3 {0-1 (42) Blajet,R (1776)-Sivickis,W (1432) Wloclawek 2017}) 7... Bg7 8. h4 (8. a3 $11) 8... Bg4 9. a3 bxa3 10. Nxa3 Nbd7 11. Be2 Ne4 12. Rb1 (12. Nb5 $11) 12... Bf5 $17 {[%emt 0:00:08] Black has more active pieces. The white rooks are badly placed.} 13. h5 $2 {[%emt 0:00:47] White does not recover from this.} (13. Ra1 $17) 13... Nxd2 $19 14. Qxd2 Bxb1 15. Nxb1 Rb8 16. O-O Rxb2 (16... Bxb2 $2 {loses.} 17. Ne1 $19) 17. Qd1 O-O (17... gxh5 $2 {perishes.} 18. Ne1 $19) 18. Bd3 Nf6 (18... gxh5 $2 {too greedy.} 19. Bf5 $19) 19. hxg6 hxg6 20. Nc3 Qa5 21. Nb5 a6 22. Na7 Qc7 23. Nc6 a5 24. Bb1 $2 (24. Qc1 {keeps fighting.} Rb7 25. Qa3) 24... Ra8 {[%emt 0:00:18] [#] Threatens to win with ...a4.} 25. Qd3 (25. Bc2 $142) 25... a4 26. Ng5 Rb3 27. Qc2 Qd7 28. f4 Rxe3 29. f5 Rg3 30. fxg6 Rxg5 31. gxf7+ Kxf7 32. Qd2 Qg4 {[%emt 0:00:05] ...Rh8 is the strong threat.} 33. Rf2 Rh5 34. Rf4 Qg3 {[%emt 0:00:07] ( -> ...Rah8)} 35. Rf3 Qg5 36. Qe1 Re8 {[%emt 0:00:17] Strongly threatening ...Qh6.} 37. Re3 Ng4 38. Rf3+ Kg8 {[%emt 0:00:03] And now ...Be5 would win.} 39. Qe6+ Kh8 {[%emt 0:00:02] Black mates.} 40. Bg6 Qc1+ 41. Rf1 {[%emt 0:00:02] [#]} Rh1+ $3 42. Kxh1 Qxf1# {[%emt 0:00:03] Weighted Error Value: White=0.92/Black=0.32} 0-1

[Event "Romanian Rapid Open 2022"]
[Site "Sebes"]
[Date "2022.12.02"]
[Round "3.40"]
[White "Borodi, Cosmin-Alin"]
[Black "Tatar, Marius Lucian"]
[Result "0-1"]
[ECO "A13"]
[WhiteElo "1919"]
[BlackElo "1405"]
[Annotator "TA"]
[PlyCount "112"]
[EventDate "2022.12.02"]
[EventType "rapid"]
[EventCountry "ROU"]
[SourceTitle "playchess.com"]
[Source "ChessBase"]
[SourceQuality "1"]
[TimeControl "600+5"]

1. c4 e6 2. b3 d5 3. cxd5 exd5 4. Bb2 Nf6 5. e3 Be7 6. Qc2 {[%emt 0:00:01] A13: English Opening: 1...e6.} O-O 7. Nf3 b6 {[%emt 0:00:11] [#]} 8. h4 $146 (8. Be2 $11 {deserves consideration.}) ({Predecessor:} 8. Ne5 Bb7 9. f4 c5 10. d4 Ne4 11. Nd2 Bh4+ 12. g3 Bf6 13. Nxe4 dxe4 14. Bg2 Bxe5 15. dxe5 {1-0 (38) Dmitrenko,V (2456)-Zavivaeva,E (1826) Chess.com INT 2021}) 8... Bb7 (8... c5 $15 {is more appropriate.}) 9. Ng5 $11 Ne4 (9... Nbd7 $11 {remains equal.}) 10. Nxe4 dxe4 11. h5 (11. Nc3 $14) 11... Bf6 12. Nc3 Nd7 13. h6 g6 14. Bb5 Nc5 15. O-O Nd3 16. Ba3 (16. Bxd3 $15 exd3 17. Qc1) 16... c5 $17 {[%emt 0:00:29] [#] White must now prevent ...Be5.} (16... Be5 {seems wilder.} 17. Bxf8 Kxf8 18. g3 f5) 17. f4 {[%emt 0:01:24] Prevents Be5.} a6 18. Bxd3 exd3 ({Inferior is} 18... Qxd3 19. Qxd3 exd3 20. Na4 $11) 19. Qd1 Bxc3 20. dxc3 Qd5 ({Black should try} 20... Be4 21. c4 Qh4) 21. Rf2 Rad8 {[%emt 0:00:13] [#] Threatens to win with ...d2.} 22. c4 {[%emt 0:00:45] Against d2} Qe4 23. Qf3 $2 (23. Qd2 $17 {was worth a try.}) 23... Rfe8 $2 (23... d2 $19 24. Rd1 Qc2) 24. Bc1 Qxf3 {[%emt 0:00:16] Black is much more active. The white rooks are badly placed.} 25. gxf3 Bxf3 26. Bd2 (26. Rxf3 $17 d2 27. Bxd2 Rxd2 28. Rf2) 26... Bc6 27. Raf1 Re4 28. Kh2 Rd6 29. Rg1 Kf8 30. Rg5 (30. a4 $17) 30... f6 31. Rg1 b5 32. cxb5 (32. Rc1 $142) 32... axb5 $19 33. Rc1 Rd5 34. Kg3 g5 35. Kh2 gxf4 36. Rxf4 Rh5+ 37. Kg3 Rxf4 (37... Rxh6 38. Rxc5 Rg6+ 39. Kf2 $17) (37... Re6 $19 {...f5 is the strong threat.} 38. Rh4 Rxh4 39. Kxh4 Re5) 38. Kxf4 {[%emt 0:00:01][%mdl 4096] Endgame KRB-KRB} c4 ({Not} 38... Rxh6 39. Rxc5 Bh1 40. Rc3 $11 (40. Rxb5 Rh2 $17)) ({Black should play} 38... Ke7 {[%cal Oh5h2] Hoping for ...Rh2!} 39. e4 Re5) 39. bxc4 $17 bxc4 (39... Rh4+ {simplifies} 40. Kg3 Rxc4 41. Rxc4 bxc4 42. Kf4 Kf7) 40. Bb4+ {[%emt 0:00:02] Black converts the advantage convincingly.} (40. Kg4 $142 Rg5+ 41. Kf4) 40... Kf7 41. Kg3 Bd5 {[%emt 0:00:05] Strongly threatening ...f5.} 42. Bc3 $2 (42. e4 $17 {nothing else works.} Be6 43. a4) 42... Rxh6 $19 43. Rf1 (43. e4 $142 Bxe4 44. Bb4) 43... Rg6+ 44. Kh4 Ke6 45. a4 f5 {[%emt 0:00:10] And now ...Rg4+ would win.} 46. a5 Rg2 {[%emt 0:00:09] Prevents Rf2.} 47. Kh3 Rc2 {[%emt 0:00:04] ( -> ...Bg2+)} 48. Bb4 Bg2+ {[%emt 0:00:02] Black mates.} 49. Kg3 Bxf1 50. a6 Ra2 51. Bc5 Rxa6 52. Kf2 d2 53. Kxf1 d1=Q+ 54. Kf2 Ra2+ 55. Kg3 Qg1+ 56. Kf4 Rf2# {[%emt 0:00:00] Weighted Error Value: White=0.77/Black=0.37} 0-1